 Dungeon Crawl Stone Soup version 0.22.0-32-gbc6daba (webtiles) character file.

824 Lew the Cutter (level 8, -2/48 HPs)
             Began as a Kobold Fighter on Aug 23, 2018.
             Slain by an ogre
             ... wielding a +0 giant spiked club
              (7 damage)
             ... on level 5 of the Dungeon.
             The game lasted 00:09:23 (3545 turns).

Lew the Cutter (Kobold Fighter)                     Turns: 3545, Time: 00:09:24

Health: -2/48      AC: 12    Str: 19    XL:     8   Next: 17%
Magic:  8/8        EV: 10    Int:  9    God:
Gold:   162        SH:  9    Dex: 16    Spells: 7/7 levels left

rFire    . . .     SeeInvis .   a - +1 rapier
rCold    . . .     Gourm    .   c - +0 shield
rNeg     . . .     Faith    .   q - +1 storm dragon scales
rPois    .         Spirit   .   (no helmet)
rElec    +         Reflect  .   (no cloak)
rCorr    .         Harm     .   (no gloves)
MR       .....                  (no boots)
Stlth    ..........             e - amulet of regeneration
HPRegen  0.56/turn              (no ring)
MPRegen  0.11/turn              (no ring)

@: mighty, very slightly contaminated
A: small, carnivore
a: no special abilities


You were on level 5 of the Dungeon.
You were not hungry.

You visited 1 branch of the dungeon, and saw 5 of its levels.
You also visited: Sewer.

You collected 162 gold pieces.

Inventory:

Hand Weapons
 a - a +1 rapier (weapon)
Armour
 b - a +0 scale mail
 c - a +0 shield (worn)
 p - a +2 chain mail of cold resistance
 q - +1 storm dragon scales (worn)
Jewellery
 e - an amulet of regeneration (around neck)
Wands
 h - a wand of random effects (15)
 l - a wand of polymorph (8)
 v - a wand of flame (33)
Scrolls
 g - a scroll of magic mapping
 k - a scroll of remove curse
 n - 2 scrolls of teleportation
 t - a scroll of random uselessness {unknown}
Potions
 j - a potion of curing
 m - a potion of brilliance
 o - a potion of resistance {unknown}
 r - a potion of flight
 s - a potion of mutation {unknown}
 u - a potion of haste
Comestibles
 f - 8 rations


   Skills:
 + Level 4.6 Fighting
 * Level 6.2 Short Blades
 + Level 3.5 Armour
 * Level 5.0 Dodging
 * Level 5.7 Stealth
 - Level 2.4 Shields


You had 7 spell levels left.
You didn't know any spells.
Your spell library was empty.

Dungeon Overview and Level Annotations

Branches:
Dungeon (5/15)             Temple (0/1) D:5

Altars:
Dithmenos
Gozag
Ru
Yredelemnul

Shops:
D:5 =


Innate Abilities, Weirdness & Mutations

You are small and have problems with some larger weapons.
You are carnivorous and can eat meat at any time.


Message History

The orc priest is almost dead.
The orc wizard mumbles some strange words.
The orc wizard blinks!
You hit the orc priest but do no damage.
The orc priest is almost dead.
The orc priest barely misses you.
The ogre hits you with a giant spiked club!
You hit the orc priest.
The orc priest is almost dead.
The orc priest closely misses you. You block the ogre's attack.
You puncture the orc priest!
You kill the orc priest!
Your Dodging skill increases to level 5!
You hit the ogre.
The ogre is moderately wounded.
The ogre hits you with a giant spiked club!
* * * LOW HITPOINT WARNING * * *
You feel very mighty all of a sudden.
The ogre hits you with a giant spiked club!
You die...

**,,,,>,,,,,,,,,,,,,,,,,,,,,,,,,
*,,,***,,,,********,,,,,,,,,,,,,
*,,,* ****** *,*,,,,,,,,,,,
*,,,********* ###**,*,,,,,,,,,,*
*,,,+,,,,,,,* #..,,,*,,,,,,,,,,*
*,,,**,,,,,,* #.#****,,,,,,,,,,,
*,,,**,,,,,,* #.# ****,,,,,***
*,,,**,,>,,** #)### **,,,,****
*,,,**,,,,,* #@Oo#*###.P≈,*,,**
*,,,**,,,,.######h#.....≈≈.≈..P*
**,,,**,,,,...........h.P.≈≈♣...#
,,,,*≈**,,,###......W....≈♣≈≈.P.#
***≈*≈*≈,,,**#...........♣≈≈≈♣≈P#
****≈≈≈***,,*#(....#......≈≈≈≈..#
*≈≈*≈≈≈≈≈≈*,*#.....#:...P..♣≈≈..#
*≈≈≈≈≈*≈≈≈≈,*#.....#..W).♣..♣..♣#
*≈≈≈≈≈≈≈≈≈*≈*#.?...#......P.o...#


You could see a phantom, an ogre, an orc wizard and a jackal.

Vanquished Creatures
  Duvessa (D:4)
  Purgy (Sewer)
  Dowan (D:4)
  A scorpion (D:3)
  2 howler monkeys (D:4)
  3 hounds
  2 orc wizards (D:4)
  An orc priest (D:5)
  An iguana (D:5)
  Natasha (thrice) (D:4)
  3 worker ants
  An adder (D:5)
  A dart slug (D:1)
  5 leopard geckos
  10 orcs
  3 bats
  5 giant cockroaches
  7 goblins
  7 hobgoblins
  5 jackals
  6 kobolds
  A quokka (D:4)
  A ball python (D:4)
  13 frilled lizards
  8 rats
92 creatures vanquished.

Notes
Turn   | Place    | Note
-------+----------+-------------------------------------------
     0 | D:1      | Lew the Kobold Fighter began the quest for the Orb.
     0 | D:1      | Reached XP level 1. HP: 14/14 MP: 1/1
   144 | D:1      | Reached skill level 3 in Short Blades
   144 | D:1      | Reached skill level 1 in Stealth
   144 | D:1      | Reached XP level 2. HP: 19/19 MP: 2/2
   192 | D:1      | Reached skill level 1 in Dodging
   296 | D:1      | Reached XP level 3. HP: 23/23 MP: 3/3
  1143 | D:2      | Found a sacrificial altar of Ru.
  1613 | D:3      | Found an opulent altar of Gozag.
  1661 | D:3      | Reached XP level 4. HP: 28/28 MP: 4/4
  1937 | D:4      | Reached skill level 4 in Short Blades
  1937 | D:4      | Reached XP level 5. HP: 30/33 MP: 5/5
  2096 | D:4      | Noticed Duvessa
  2096 | D:4      | Noticed Dowan
  2114 | D:4      | Killed Duvessa
  2114 | D:4      | Reached XP level 6. HP: 38/38 MP: 6/6
  2132 | D:4      | Killed Dowan
  2263 | D:4      | Reached skill level 5 in Short Blades
  2263 | D:4      | Reached XP level 7. HP: 43/43 MP: 7/7
  2364 | D:4      | Found a shadowy altar of Dithmenos.
  2524 | D:4      | Noticed Natasha
  2530 | D:4      | Killed Natasha
  2743 | D:4      | Noticed Natasha
  2753 | D:4      | Killed Natasha
  3030 | D:4      | Noticed Natasha
  3046 | D:4      | Killed Natasha
  3046 | D:4      | Reached skill level 5 in Stealth
  3085 | D:5      | Entered Level 5 of the Dungeon
  3108 | D:5      | Found a basalt altar of Yredelemnul.
  3174 | D:5      | Found Iniess's Jewellery Emporium.
  3226 | D:5      | Found a glowing drain.
  3250 | Sewer    | Entered a sewer
  3288 | Sewer    | Noticed Purgy
  3306 | Sewer    | Killed Purgy
  3306 | Sewer    | Reached skill level 6 in Short Blades
  3306 | Sewer    | Reached XP level 8. HP: 41/48 MP: 8/8
  3543 | D:5      | Reached skill level 5 in Dodging
  3545 | D:5      | Slain by an ogre

Skill      XL: |  1  2  3  4  5  6  7  8 |
---------------+-------------------------+-----
Short Blades   | 3 4 5 6 |  6.2
Stealth        | 1 2 3 4 5 |  5.7
Dodging        | 1 2 3 4 5 |  5.0
Fighting       | 4 |  4.6
Armour         | 3 |  3.5
Shields        | |  2.4

Action                   |  1- 3 |  4- 6 |  7- 9 || total
-------------------------+-------+-------+-------++-------
Melee: Rapier            |   160 |    88 |   201 ||   449
  Use: Potion            |     3 |     3 |     2 ||     8
       Scroll            |     2 |     6 |     3 ||    11
  Eat: Chunk             |     3 |     4 |     6 ||    13
Armor: Scale mail        |    61 |     4 |       ||    65
       Storm dragon scal |       |    15 |    93 ||   108
       Skin              |       |     9 |       ||     9
Dodge: Dodged            |    54 |    16 |    64 ||   134
Block: Shield            |    82 |    39 |    82 ||   203
